AoeStats
← sergiomn19

Lombardia

508395651Analyzed
4v4 RM · 10d ago on Sep 22, 2026· 48m 18s· 8 players
Game mode
Random Map
Map size
Large (8 player)
Population
200
Speed
Normal
Resources
Standard
Victory
Conquest
Starting age
Dark Age
Ending age
Imperial Age
RankedLock teamsTeams togetherTeam positionsShared explorationLock speedFull tech treeHidden civsTurbo modeCheats
Victory
Defeat
🇨🇴 Spanish · Colombia
703
+9
🇵🇱 Wu · Poland
678
+9
🇨🇳 Saracens · China
633
+20
🇻🇳 Vietnamese · Vietnam
624
+11
🇬🇧 Magyars · United Kingdom
620
-13
🇪🇸 Burgundians · Spain
568
-11
🇪🇸 Britons · Spain
508
-10
🇪🇸 Khmer · Spain
396
-6
tvales
30:58 Loom
37:06 Feudal Age
39:58 Double-Bit Axe
40:55 Wheelbarrow
40:07 Horse Collar
Pain
3:35 Loom
12:34 Feudal Age
14:47 Double-Bit Axe
14:46 Horse Collar
16:20 Wheelbarrow
21:11 Stone Mining
21:18 Gold Mining
24:21 Castle Age
22:37 Bloodlines
23:12 Scale Barding Armor
23:04 Fletching
26:03 Bow Saw
26:12 Hand Cart
28:46 Light Cavalry
29:27 Husbandry
29:52 Chain Barding Armor
32:41 Gold Shaft Mining
37:56 Imperial Age
36:48 Heavy Plow
37:35 Corvinian Army
37:49 Masonry
37:19 Treadmill Crane
37:35 Murder Holes
38:01 Ballistics
38:34 Caravan
39:28 Siege Engineers
40:24 Chemistry
38:55 Elite Magyar Huszar
40:11 Hoardings
39:58 Conscription
40:33 Crop Rotation
43:03 Two-Man Saw
42:48 Plate Barding Armor
DuplexPeak9929
0:42 Loom
12:07 Feudal Age
12:40 Double-Bit Axe
12:38 Horse Collar
15:54 Gold Mining
19:25 Castle Age
19:28 Stone Mining
22:45 Gold Shaft Mining
22:45 Stone Shaft Mining
22:23 Bow Saw
24:29 Wheelbarrow
23:40 Town Watch
25:36 Hand Cart
27:20 Town Patrol
34:03 Imperial Age
31:50 Scale Barding Armor
32:31 Caravan
36:13 Chain Barding Armor
35:53 Scale Mail Armor
36:04 Forging
35:21 Light Cavalry
36:03 Husbandry
36:17 Bloodlines
36:24 Cavalier
36:25 Hussar
41:05 Conscription
41:30 Elite Ballista Elephant
42:12 Tusk Swords
43:24 Double Crossbow
45:02 Plate Barding Armor
44:42 Chain Mail Armor
45:03 Iron Casting
sergiomn19
3:18 Loom
6:13 Double-Bit Axe
6:15 Horse Collar
8:18 Wheelbarrow
12:40 Feudal Age
12:06 Gold Mining
12:31 Stone Mining
13:32 Bow Saw
14:16 Heavy Plow
14:21 Town Watch
17:05 Hand Cart
17:52 Gold Shaft Mining
18:20 Stone Shaft Mining
24:07 Castle Age
22:50 Forging
23:00 Fletching
23:18 Scale Barding Armor
25:09 Town Patrol
26:10 Crop Rotation
26:44 Two-Man Saw
26:20 Bodkin Arrow
27:03 Iron Casting
27:10 Chain Barding Armor
28:40 Husbandry
28:09 Cavalier
30:18 Burgundian Vineyards
31:21 Murder Holes
31:08 Treadmill Crane
31:39 Masonry
32:17 Ballistics
32:42 Caravan
41:05 Imperial Age
43:41 Elite Coustillier
45:32 Hoardings
46:19 Blast Furnace
45:21 Scale Mail Armor
45:22 Bracer
48:35 Squires
Zielonidas
6:53 Loom
11:49 Feudal Age
14:18 Double-Bit Axe
19:52 Castle Age
17:58 Stone Mining
18:00 Gold Mining
17:57 Horse Collar
21:01 Bow Saw
21:05 Caravan
27:03 Town Watch
29:17 Padded Archer Armor
29:08 Fletching
30:31 Wheelbarrow
30:34 Leather Archer Armor
30:29 Bodkin Arrow
31:20 Ballistics
31:08 Heavy Plow
31:48 Red Cliffs Tactics
36:06 Imperial Age
36:15 Elite Fire Archer
36:58 Bracer
38:02 Chemistry
38:48 Two-Man Saw
41:43 Hand Cart
41:29 Town Patrol
Jaguar_gaming
1:51 Loom
11:04 Feudal Age
11:36 Horse Collar
11:44 Double-Bit Axe
15:19 Wheelbarrow
14:41 Gold Mining
14:45 Stone Mining
23:21 Castle Age
22:47 Arson
23:17 Forging
23:04 Man-at-Arms
24:48 Iron Casting
24:05 Fletching
24:15 Padded Archer Armor
24:22 Scale Barding Armor
24:18 Scale Mail Armor
25:43 Hand Cart
26:45 Ballistics
27:14 Stone Shaft Mining
30:00 Town Watch
34:36 Imperial Age
32:07 Town Patrol
33:54 Inquisition
35:07 Capped Ram
38:21 Conscription
37:21 Elite Conquistador
37:28 Elite Conquistador
39:28 Chemistry
39:39 Sanctity
39:43 Siege Ram
42:15 Supremacy
44:14 Devotion
44:25 Redemption
44:26 Fervor
45:52 Faith
45:58 Illumination
47:37 Heresy
1175523390
12:14 Feudal Age
18:03 Castle Age
16:09 Horse Collar
16:25 Double-Bit Axe
18:19 Stone Mining
18:20 Gold Mining
21:26 Gold Shaft Mining
21:06 Bow Saw
21:02 Heavy Plow
21:49 Wheelbarrow
36:40 Imperial Age
38:02 Elite Mameluke
42:06 Two-Man Saw
47:03 Caravan
49:06 Bimaristan
49:06 Counterweights
49:16 Conscription
49:32 Hoardings
vanvuongnguyen614
11:18 Feudal Age
15:07 Castle Age
13:55 Double-Bit Axe
14:28 Horse Collar
14:47 Horse Collar
14:58 Stone Mining
21:00 Bow Saw
21:14 Heavy Plow
28:24 Gold Mining
32:51 Imperial Age
31:33 Stone Shaft Mining
31:44 Wheelbarrow
31:41 Town Watch
32:37 Hand Cart
32:31 Thumb Ring
32:21 Fletching
32:43 Forging
33:36 Ballistics
33:19 Husbandry
33:29 Bloodlines
34:33 Crop Rotation
35:20 Elite Battle Elephant
35:58 Bodkin Arrow
37:24 Bracer
38:03 Iron Casting
37:33 Scale Barding Armor
38:05 Iron Casting
39:32 Chemistry
39:13 Paper Money
38:54 Chatras
41:44 Elite Rattan Archer
Connection lost

Rejoining the realm…

Still unreachable

The connection could not be restored.

Session expired

The server has moved on; the page needs a fresh start.